 Dungeon Sprint DCSS version 0.15-a0-2036-g5428f20 (webtiles) character file.

14191 N00bl0rd the Cleaver (level 12, -17/81 HPs)
             Began as a Gargoyle Fighter on July 13, 2014.
             Was the Champion of Cheibriados.
             Killed by an indirect mummy death curse (24 damage)
             ... in the Dungeon (Sprint V: "Ziggurat Sprint").
             The game lasted 00:12:24 (533 turns).

N00bl0rd the Cleaver (Gargoyle Fighter)              Turns: 533, Time: 00:12:24

HP -17/81        AC 52     Str 49      XL: 12   Next: 13%
MP   7/27        EV 19     Int 27      God: Cheibriados [******]
Gold 0           SH 35     Dex 24      Spells:  0 memorised, 11 levels left

rFire  + . .     SeeInvis +     a - +14 obsidian axe {chop, +Fly Str+3 SInv Curse}
rCold  + . .     Clarity  .     b - +15 Maxwell's patent armour {rC+ rF+, -Cast -Tele MR+}
rNeg   + + +     rCorr    .     c - +18 shield of the gong {rElec rN+ MR+ EV-5}
rPois  +         rRot     +     j - +2 helmet {Int+3}
rElec  +         Spirit   .     F - +2 cloak {+Inv}
SustAb .         Warding  +     (no gloves)
rMut   .         NoTele   +     p - +0 pair of boots {Stlth+}
Gourm  .         NoCast   +     h - brooch of Shielding {Ward rN+ AC+4 EV+4}
MR     ++...                    G - ring of regeneration
                                I - +6 ring of strength

@: mesmerised, studying Stealth, very slow, very resistant to hostile
enchantments, extremely unstealthy
A: big wings, deterioration 1, negative energy resistance 1, electricity
resistance, unbreathing, petrification resistance, rot immunity, AC +8
a: Fly, Bend Time, Temporal Distortion, Slouch, Step From Time, Renounce
Religion, Evoke Invisibility, Evoke Flight


You were in the Dungeon.
You worshipped Cheibriados.
Cheibriados was exalted by your worship.
You were not hungry.

You visited 1 branch

Inventory:

Hand weapons
 a - the cursed +14 obsidian axe (weapon) {chop, +Fly Str+3 SInv Curse}
   (You found it in the Dungeon)

   It inflicts extra damage upon your enemies.
   It affects your strength (+3).
   It enhances your eyesight.
   It lets you fly.
   It may recurse itself when equipped.
   It has a curse placed upon it.
Armour
 b - the cursed +15 Maxwell's patent armour (worn) {rC+ rF+, -Cast -Tele MR+}
   (You found it in the Dungeon)

   It affects your resistance to hostile enchantments.
   It prevents spellcasting.
   It prevents most forms of teleportation.
   It has a curse placed upon it.
 c - the +18 shield of the gong (worn) {rElec rN+ MR+ EV-5}
   (You found it in the Dungeon)

   It affects your evasion (-5).
   It insulates you from electricity.
   It protects you from negative energy.
   It affects your resistance to hostile enchantments.
 j - a +2 helmet of intelligence (worn)
 p - a +0 pair of boots of stealth (worn)
 F - a +2 cloak of darkness (worn)
Magical devices
 y - a wand of disintegration (7)
 B - a wand of fire (5)
 C - a wand of cold (5)
 D - a wand of draining (5)
Comestibles
 d - 5 bread rations
 z - 42 fruits
 A - 4 meat rations
Scrolls
 k - 4 scrolls of blinking
 r - 4 scrolls of amnesia
 s - 3 scrolls of recharging
 t - 7 scrolls of fog
 u - a scroll of holy word
 v - 5 scrolls of identify
 w - 5 scrolls of remove curse
 x - 2 scrolls of fear
 L - a scroll of brand weapon
Jewellery
 h - the brooch of Shielding (around neck) {Ward rN+ AC+4 EV+4}
   (You found it in the Dungeon)

   [amulet of warding]

   It may prevent the melee attacks of summoned creatures.
   It affects your AC (+4).
   It affects your evasion (+4).
   It protects you from negative energy.
 G - a ring of regeneration (right hand)
 H - an uncursed ring of protection from fire
 I - a +6 ring of strength (left hand)
 J - a +6 ring of strength
 K - an uncursed ring of magical power
Potions
 e - 8 potions of might
 f - 10 potions of curing
 g - 10 potions of heal wounds
 i - 7 potions of magic
 l - 2 potions of brilliance
 m - 2 potions of invisibility
 n - 2 potions of restore abilities
 o - 4 potions of resistance
 q - 6 potions of agility
Books
 E - a manual of Stealth


   Skills:
 + Level 12.2 Fighting
 * Level 13.9 Axes
 + Level 12.2 Armour
 * Level 12.4 Dodging
 + Level 12.1 Shields
 * Level 12.0 Invocations


You had 11 spell levels left.
You didn't know any spells.

Dungeon Overview and Level Annotations

Branches:
Dungeon (1/1)

Altars:
Ashenzari
Cheibriados
Dithmenos
Elyvilon
Fedhas
Gozag
Kikubaaqudgha
Makhleb
Nemelex Xobeh
Okawaru
Qazlal
Sif Muna
Trog
Vehumet
Xom
Yredelemnul
Zin
The Shining One
Beogh
Jiyva
Lugonu


Innate Abilities, Weirdness & Mutations

You are resistant to torment.
You are immune to poison.
Your stone body is very resilient (AC +8).
You resist negative energy.
You are resistant to electric shocks.
You can survive without breathing.
You are immune to petrification.
You are immune to rotting.
Your wings are large and strong.
Your body is slowly deteriorating.


Message History

You destroy the shadow wraith!
You destroy the freezing wraith!
You destroy the shadow wraith!
You destroy the spectral giant cockroach!
You feel somewhat more hungry.
The mummy priest mumbles some strange prayers to its god against you.
Something smites you!
* * * LOW HITPOINT WARNING * * *
The mummy priest mumbles some strange prayers to its god.
You block the guardian mummy's attack.
PTOANNNG!
You block the guardian mummy's attack.
PANG!
Unknown command.
Use which ability? (? or * to list)
You can feel time thicken for a moment.
You destroy the guardian mummy!
Cheibriados appreciates the change of pace.
You feel extremely nervous for a moment...
You convulse helplessly as pain tears through your body!
You die...

8©8 ▓.........▓
.}:?=[.[. ▓▓▓▓▓▓▓▓▓▓▓
..."=[M"...▓...8©8...▓
▓.....MM....▓..|:.):..▓
▓...........▓...))....▓
▓.....M4....▓.........▓
....MM.M...▓.........▓
▓..MM.▓ ▓.........▓
▓▓.@.▓▓ ▓...%%%...▓
▓..▓.....▓..▓.▓.%.%.▓.▓
▓...........▓.........▓
▓▓▓▓▓▓▓▓▓▓▓▓▓▓▓▓▓▓▓▓▓▓▓
▓...8©8...▓...8©8...▓..
▓..|}}}||.▓..[})[)..▓..
▓...433[..▓..:))|[..▓..
▓.........▓.........▓..
▓.........▓......%..▓..


You could see a greater mummy, 4 mummy priests, 2 guardian mummies, a red devil
and 2 mummies.

Vanquished Creatures
  A titan (D)
  2 storm dragons (D)
  A jiangshi (D)
  2 sun demons (D)
  3 large abominations (D)
  4 shadow wraiths (D)
  A flayed ghost (D)
  A phantasmal warrior (D)
  4 toenail golems (D)
  An orange demon (D)
  A hellwing (D)
  An ancient zyme (D)
  A freezing wraith (D)
  A wind drake (D)
  A blue devil (D)
  2 slime creatures (D)
  2 air elementals (D)
  A flying skull (D)
  A basilisk (D)
  A ynoxinul (D)
  A tarantella (D)
  3 golden eyes (D)
  A neqoxec (D)
  Edmund (D)
  A porcupine (D)
  An orc warrior (D)
  Sigmund (D)
  Duvessa (D)
  3 giant frogs (D)
  Blork the orc (D)
  4 insubstantial wisps (D)
  2 scorpions (D)
  Dowan (D)
  2 jellies (D)
  Crazy Yiuf (D)
  An orc priest (D)
  2 quasits (D)
  2 orc wizards (D)
  2 iguanas (D)
  A sheep (D)
  Jessica (D)
  3 green rats (D)
  An adder (D)
  2 giant mites (D)
  A shadow imp (D)
  3 white imps (D)
  4 ufetubi (D)
  A giant eyeball (D)
  5 orcs (D)
  A giant cockroach zombie (D)
  A goblin skeleton (D)
  A jackal (D)
  A kobold zombie (D)
  A quokka skeleton (D)
  A spectral giant cockroach (D)
91 creatures vanquished.

Vanquished Creatures (collateral kills)
  A bone dragon (D)
  A shining eye (D)
  A slime creature (D)
  An iron imp (D)
  3 ufetubi (D)
7 creatures vanquished.

Vanquished Creatures (others)
  A spatial maelstrom (D)
  A smoke demon (D)
  A hellwing (D)
3 creatures vanquished.

Grand Total: 101 creatures vanquished

Notes
Turn   | Place    | Note
--------------------------------------------------------------
     0 | D        | N00bl0rd, the Gargoyle Fighter, began the quest for the Orb.
     0 | D        | Reached XP level 1. HP: 14/14 MP: 1/1
     0 | D        | Found a roughly hewn altar of Beogh.
     0 | D        | Found an ancient bone altar of Kikubaaqudgha.
     2 | D        | Found a corrupted altar of Lugonu.
     2 | D        | Found a white marble altar of Elyvilon.
     3 | D        | Found a burning altar of Makhleb.
     3 | D        | Found an iron altar of Okawaru.
     5 | D        | Found a sparkling altar of Nemelex Xobeh.
     5 | D        | Found a basalt altar of Yredelemnul.
     5 | D        | Found a deep blue altar of Sif Muna.
     5 | D        | Found a radiant altar of Vehumet.
     7 | D        | Banished a spatial maelstrom
    11 | D        | Found a bloodstained altar of Trog.
    45 | D        | Reached skill level 4 in Fighting
    45 | D        | Reached XP level 2. HP: 17/20 MP: 2/2
    90 | D        | Found a shimmering altar of Xom.
    98 | D        | Became a worshipper of Cheibriados the Contemplative
   113 | D        | Entered arena 1.
   116 | D        | Reached XP level 3. HP: 25/25 MP: 3/3
   123 | D        | Got the ring "Ywodeimi" {Dex-5 Int+1 Stlth-}
   127 | D        | Entered arena 2.
   127 | D        | Noticed an iguana
   127 | D        | Noticed a giant frog
   130 | D        | Killed a giant frog
   130 | D        | Reached skill level 5 in Fighting
   130 | D        | Reached skill level 5 in Axes
   130 | D        | Reached skill level 5 in Armour
   130 | D        | Reached skill level 5 in Shields
   130 | D        | Reached XP level 4. HP: 29/31 MP: 4/4
   131 | D        | Killed an iguana
   131 | D        | Reached XP level 5. HP: 32/36 MP: 5/5
   144 | D        | Entered arena 3.
   144 | D        | Noticed a toenail golem
   144 | D        | Noticed a toenail golem
   144 | D        | Noticed a toenail golem
   144 | D        | Noticed a toenail golem
   150 | D        | Killed a toenail golem
   150 | D        | Reached skill level 7 in Fighting
   150 | D        | Reached XP level 6. HP: 39/44 MP: 6/6
   150 | D        | Reached XP level 7. HP: 42/48 MP: 7/7
   152 | D        | Killed a toenail golem
   152 | D        | Acquired Cheibriados' first power
   152 | D        | Reached skill level 8 in Fighting
   152 | D        | Reached XP level 8. HP: 47/54 MP: 8/8
   153 | D        | Killed a toenail golem
   153 | D        | Reached skill level 9 in Axes
   155 | D        | Killed a toenail golem
   163 | D        | Entered arena 4.
   163 | D        | Noticed a jelly
   163 | D        | Noticed a jelly
   163 | D        | Noticed a golden eye
   163 | D        | Noticed a golden eye
   166 | D        | Killed a jelly
   166 | D        | Acquired Cheibriados' second power
   167 | D        | Killed a golden eye
   168 | D        | Killed a jelly
   170 | D        | Killed a golden eye
   170 | D        | Acquired Cheibriados' third power
   170 | D        | Reached skill level 10 in Axes
   170 | D        | Reached XP level 9. HP: 53/60 MP: 9/9
   179 | D        | Entered arena 5.
   179 | D        | Noticed a scorpion
   179 | D        | Noticed a tarantella
   179 | D        | Noticed a scorpion
   182 | D        | Killed a scorpion
   183 | D        | Killed a tarantella
   183 | D        | Reached skill level 1 in Invocations
   185 | D        | Killed a scorpion
   198 | D        | Entered arena 6.
   198 | D        | Noticed an orange demon
   198 | D        | Noticed an iron imp
   207 | D        | Killed an orange demon
   207 | D        | Noticed a sun demon
   208 | D        | Killed an iron imp
   212 | D        | Killed a sun demon
   212 | D        | Noticed a sun demon
   217 | D        | Killed a sun demon
   234 | D        | Entered arena 7.
   234 | D        | Noticed a slime creature
   234 | D        | Noticed a slime creature
   234 | D        | Noticed a golden eye
   234 | D        | Noticed a shining eye
   234 | D        | Noticed a slime creature
   235 | D        | Gained mutation: Your wings are large and strong. [a shining eye]
   238 | D        | Killed a slime creature
   239 | D        | Killed a slime creature
   239 | D        | Paralysed by a giant eyeball for 4 turns
   240 | D        | Gained mutation: Your body is slowly deteriorating. [a shining eye]
   243 | D        | Killed a shining eye
   244 | D        | Killed a slime creature
   244 | D        | Reached skill level 5 in Invocations
   249 | D        | Killed a golden eye
   249 | D        | Reached skill level 11 in Axes
   260 | D        | Entered arena 8.
   260 | D        | Noticed Sigmund
   260 | D        | Noticed Jessica
   260 | D        | Noticed Blork the orc
   260 | D        | Noticed Crazy Yiuf
   260 | D        | Noticed Dowan
   260 | D        | Noticed Duvessa
   260 | D        | Noticed Edmund
   264 | D        | Killed Crazy Yiuf
   264 | D        | Killed Edmund
   265 | D        | Killed Duvessa
   265 | D        | Reached skill level 10 in Armour
   265 | D        | Reached XP level 10. HP: 68/68 MP: 18/18
   266 | D        | Killed Jessica
   267 | D        | Killed Dowan
   269 | D        | Killed Blork the orc
   269 | D        | Reached skill level 10 in Fighting
   271 | D        | Killed Sigmund
   288 | D        | Entered arena 9.
   288 | D        | Noticed an iguana
   288 | D        | Noticed a giant frog
   288 | D        | Noticed a porcupine
   288 | D        | Noticed a giant frog
   288 | D        | Noticed a basilisk
   290 | D        | Killed a giant frog
   291 | D        | Killed a porcupine
   291 | D        | Reached skill level 10 in Dodging
   291 | D        | Reached skill level 10 in Shields
   291 | D        | Killed a giant frog
   292 | D        | Killed an iguana
   294 | D        | Killed a basilisk
   321 | D        | Entered arena 10.
   321 | D        | Noticed an orc wizard
   321 | D        | Noticed an orc wizard
   321 | D        | Noticed an orc warrior
   321 | D        | Noticed an orc priest
   325 | D        | Killed an orc wizard
   327 | D        | Killed an orc priest
   327 | D        | Killed an orc warrior
   329 | D        | Killed an orc wizard
   347 | D        | Entered arena 11.
   347 | D        | Noticed an insubstantial wisp
   347 | D        | Noticed a storm dragon
   347 | D        | Noticed a titan
   347 | D        | Noticed an insubstantial wisp
   347 | D        | Noticed an air elemental
   347 | D        | Noticed an insubstantial wisp
   347 | D        | Noticed a storm dragon
   347 | D        | Noticed a wind drake
   348 | D        | Noticed an air elemental
   348 | D        | Noticed an insubstantial wisp
   348 | D        | Killed an insubstantial wisp
   348 | D        | Killed an air elemental
   348 | D        | Killed an insubstantial wisp
   348 | D        | Killed an insubstantial wisp
   348 | D        | Killed an insubstantial wisp
   348 | D        | Killed an air elemental
   350 | D        | Killed a wind drake
   351 | D        | Killed a storm dragon
   351 | D        | Reached skill level 12 in Axes
   351 | D        | Killed a storm dragon
   351 | D        | Reached XP level 11. HP: 61/74 MP: 5/24
   359 | D        | Killed a titan
   359 | D        | Reached skill level 13 in Axes
   359 | D        | Reached skill level 10 in Invocations
   481 | D        | Entered arena 12.
   481 | D        | Noticed a ynoxinul
   481 | D        | Noticed a large abomination
   481 | D        | Noticed a bone dragon
   481 | D        | Noticed a large abomination
   481 | D        | Noticed a quasit
   481 | D        | Noticed an ancient zyme
   482 | D        | Noticed a large abomination
   482 | D        | Noticed a quasit
   484 | D        | Killed a large abomination
   485 | D        | Killed a quasit
   487 | D        | Killed a quasit
   488 | D        | Killed an ancient zyme
   492 | D        | Killed a large abomination
   494 | D        | Killed a ynoxinul
   494 | D        | Killed a large abomination
   499 | D        | Killed a bone dragon
   499 | D        | Reached XP level 12. HP: 81/81 MP: 25/27
   526 | D        | Entered arena 13.
   526 | D        | Noticed a mummy priest
   526 | D        | Noticed a guardian mummy
   527 | D        | Noticed a mummy priest
   527 | D        | Noticed a mummy priest
   527 | D        | Noticed a guardian mummy
   528 | D        | Noticed a guardian mummy
   528 | D        | Noticed a greater mummy
   528 | D        | Noticed a mummy priest
   530 | D        | Noticed a jiangshi
   531 | D        | Killed a jiangshi
   533 | D        | Killed a guardian mummy
   533 | D        | Killed by an indirect mummy death curse

Action                   |  1- 3 |  4- 6 |  7- 9 | 10-12 || total
-------------------------+-------+-------+-------+-------++-------
Melee: Broad axe         |     4 |     5 |    38 |    38 ||    85
Invok: Slouch            |       |       |       |     8 ||     8
  Use: Potion            |     1 |       |       |       ||     1
 Stab: Distracted        |       |       |     1 |     2 ||     3
